NULL
Full Scoreboard »»

Predators vs Maple Leafs

Created - April 12, 2023 at 23:38

Goals
1 2 3 OT1 T
Predators 0 1 0 1 2
Maple Leafs 0 0 1 0 1
Shots
1 2 3 OT1 T
Predators 16 9 11 1 37
Maple Leafs 13 11 11 0 35

GoalsPenalties
1st period
No Goal
Ryan Graves (TOR) for Holding Stick (Minor) at 3:04
2nd period
1. Predators , Jimmy Vesey 9 (Brett Howden 21, Dante Fabbro 10) at 8:50
Kirby Dach (NAS) for Holding (Minor) at 1:17
Dylan Strome (TOR) for Roughing (Double Minor) at 10:29
3rd period
2. Maple Leafs , Dylan Strome 22 (Danton Heinen 10, Jared Spurgeon 32) at 2:39
Pierre Engvall (TOR) for Fighting (Major) at 18:18
Jakub Vrana (NAS) for Fighting (Major) at 18:18
Overtime #1
3. Predators , Kirby Dach 23 (Jakob Chychrun 30, Brett Howden 22) at 2:05
No Penalty
Goalie Stats
Semyon Varlamov (NAS), 34 saves from 35 shots - (0.971), W, 23-7-2, 62:05 minutes
Marc-Andre Fleury (TOR), 35 saves from 37 shots - (0.946), OTL, 35-18-5, 62:05 minutes
3 StarsOfficial
1 - Semyon Varlamov (NAS)
2 - Brett Howden (NAS)
3 - Jimmy Vesey (NAS)
Referees : Unknown
Linesman : Unknown
Game Note
Jakub Vrana beats up Pierre Engvall at 18:18 of 3rd period



Team Name Goals Shots Shots Attemp Shots Blocked PIM HIT PP PK FO%
Predators 2377647260 / 3 (0%)043%
Maple Leafs 135611811300 / 1 (0%)057%

Predators
Player Name POS G A P +/- PIM HIT SHT SB MP PP MP PP SHT PK MP PK SHT FO% FOT GA TA
Anton StralmanD000-1023023:022:2401:0200% 010
Brandon TanevLW/RW000-1020116:450:5901:0300% 110
Brendan GallagherLW/RW0000013015:442:1600:5600% 010
Brett HowdenC/RW0222030011:060:5301:030100% 301
Connor McDavidC0000041019:152:3500:00050% 2210
Dante FabbroD0111013018:050:3200:0000% 001
David SavardD0001001021:112:2400:5700% 002
Duncan KeithD0000000116:420:3201:0200% 000
Jakob ChychrunD0111002018:373:0200:0000% 020
Jakub VranaLW/RW0000501013:301:1000:0000% 010
Jimmy VeseyLW101102108:550:0000:0000% 000
John CarlsonD000-1036124:283:0210:5700% 010
Jordan EberleLW/RW0000002019:072:3400:0000% 200
Kirby DachC1010212115:510:0000:00040% 2010
Nazem KadriC0000034016:252:2700:56050% 1200
Phil KesselLW/RW0000043019:072:3000:0000% 512
Riley SheahanC/LW/RW000100008:550:0000:0000% 000
Tomas TatarC/LW/RW000-1005017:292:3000:0000% 010
Maple Leafs
Player Name POS G A P +/- PIM HIT SHT SB MP PP MP PP SHT PK MP PK SHT FO% FOT GA TA
Andrew PeekeD0000002115:030:0001:5500% 000
Antoine RousselLW/RW000001017:300:0000:5200% 000
Calle JarnkrokC/LW/RW0001012116:240:5500:330100% 100
Carter VerhaegheC/LW/RW0000013020:511:0402:3200% 101
Danton HeinenC/LW/RW0111034015:300:0000:0000% 002
Dawson MercerC/RW000-1022014:460:0001:1000% 111
Dylan StromeC/LW1011423117:360:5500:00060% 1000
Jake BeanD000-1022320:340:3702:3700% 000
Jared SpurgeonD0110002226:021:2202:5200% 010
Jordan OesterleD0000000014:510:0000:1100% 000
Matthew HighmoreLW000000036:380:0000:0000% 000
Morgan RiellyD0001034425:291:2212:4000% 021
Nick SuzukiC/RW0000045120:581:0402:37045% 2910
Pierre EngvallC/LW000-1553015:340:5502:0600% 002
Ross ColtonC/LW/RW000-1012113:360:0000:00075% 1601
Ryan CarpenterC/LW/RW000-101009:540:0002:06075% 400
Ryan GravesD000-1210020:390:3701:4100% 002
William NylanderC/LW/RW000-1031018:191:0400:00067% 311

Predators

5 vs 5 Forward
Line #Left WingCenterRight WingPHYDFOFWanted %Time %Time Play
1Jordan EberleConnor McDavidPhil Kessel1223131%15:53
2Brendan GallagherNazem KadriJakub Vrana1222825%13:14
3Tomas TatarKirby DachBrandon Tanev1222727%14:01
4Jimmy VeseyBrett HowdenRiley Sheahan1221417%8:55
5 vs 5 Defense
Line #DefenseDefensePHYDFOFWanted %Time %Time Play
1Anton StralmanJohn Carlson1223637%19:05
2Jakob ChychrunDuncan Keith1223331%16:06
3Dante FabbroDavid Savard1223131%16:22
4Duncan KeithJohn Carlson12201%0:30
Power Play Forward
Line #Left WingCenterRight WingPHYDFOFWanted %Time %Time Play
1Jordan EberleConnor McDavidNazem Kadri0235454%3:14
2Phil KesselTomas TatarBrendan Gallagher0234646%2:44
Power Play Defense
Line #DefenseDefensePHYDFOFWanted %Time %Time Play
1Jakob ChychrunJohn Carlson0235460%3:34
2Anton StralmanDavid Savard0234640%2:24
Penalty Kill 4 Players Forward
Line #CenterWingPHYDFOFWanted %Time %Time Play
1Nazem KadriBrendan Gallagher1315047%0:56
2Brett HowdenBrandon Tanev1315053%1:03
Penalty Kill 4 Players Defense
Line #DefenseDefensePHYDFOFWanted %Time %Time Play
1Duncan KeithAnton Stralman1405052%1:02
2David SavardJohn Carlson1405048%0:57
Penalty Kill 3 Players
Line #WingPHYDFOFWanted %Time %Time PlayDefenseDefensePHYDFOFWanted %Time %Time Play
1Connor McDavid131500%0:00 Duncan KeithAnton Stralman131500%0:00
2Nazem Kadri131500%0:00 Jakob ChychrunDavid Savard131500%0:00
4 vs 4 Forward
Line #CenterWingPHYDFOFWanted %Time %Time Play
1Connor McDavidJordan Eberle122500%0:00
2Nazem KadriBrendan Gallagher122500%0:00
4 vs 4 Defense
Line #DefensePHYDFOFWanted %Time %Time Play
1Duncan KeithJohn Carlson023500%0:00
2Jakob ChychrunDavid Savard122500%0:00
Last Minutes Offensive
Left WingCenterRight WingDefenseDefense
Jordan EberleConnor McDavidBrendan GallagherJakob ChychrunJohn Carlson
Last Minutes Defensive
Left WingCenterRight WingDefenseDefense
Nazem KadriConnor McDavidBrendan GallagherDuncan KeithJohn Carlson
Time
Total ForwardTotal DefenseLast Minutes OffensiveLast Minutes Defensive
60:00 60:00 0:000:00
Extra Forwards
Normal PowerPlayPenalty Kill
Tomas Tatar, Brendan Gallagher, Kirby DachTomas Tatar, Jakub VranaTomas Tatar
Extra Defensemen
Normal PowerPlayPenalty Kill
John Carlson, Dante Fabbro, Anton StralmanDavid Savard, David SavardDante Fabbro
Penalty Shots
Connor McDavid, Nazem Kadri, Jordan Eberle, Phil Kessel, Tomas Tatar
Goalie
Semyon Varlamov, Juuse Saros
Custom OT Lines Forwards
Connor McDavid, Nazem Kadri, Jordan Eberle, Phil Kessel, Tomas Tatar, Jakub Vrana, Kirby Dach, Brett Howden, Riley Sheahan, Jimmy Vesey
Custom OT Lines Defensemen
John Carlson, Jakob Chychrun, Anton Stralman, Duncan Keith, Dante Fabbro
Scratches
Austin Watson (Healthy), Marc-Edouard Vlasic (Healthy), Daniil Tarasov (Healthy)

Maple Leafs

5 vs 5 Forward
Line #Left WingCenterRight WingPHYDFOFWanted %Time %Time Play
1William NylanderNick SuzukiCarter Verhaeghe0233532%16:46
2Danton HeinenDylan StromeCalle Jarnkrok0233029%15:19
3Pierre EngvallRoss ColtonDawson Mercer0232526%13:20
4Matthew HighmoreRyan CarpenterAntoine Roussel1221013%6:38
5 vs 5 Defense
Line #DefenseDefensePHYDFOFWanted %Time %Time Play
1Morgan RiellyJared Spurgeon0234040%20:42
2Ryan GravesJake Bean1223532%16:46
3Jordan OesterleAndrew Peeke2212527%13:50
4Jared SpurgeonMorgan Rielly12201%0:45
Power Play Forward
Line #Left WingCenterRight WingPHYDFOFWanted %Time %Time Play
1William NylanderNick SuzukiCarter Verhaeghe0145554%1:04
2Pierre EngvallDylan StromeCalle Jarnkrok1134546%0:55
Power Play Defense
Line #DefenseDefensePHYDFOFWanted %Time %Time Play
1Jared SpurgeonMorgan Rielly0145569%1:22
2Ryan GravesJake Bean1134531%0:37
Penalty Kill 4 Players Forward
Line #CenterWingPHYDFOFWanted %Time %Time Play
1Nick SuzukiCarter Verhaeghe1225565%3:52
2Ryan CarpenterPierre Engvall1314535%2:06
Penalty Kill 4 Players Defense
Line #DefenseDefensePHYDFOFWanted %Time %Time Play
1Jared SpurgeonRyan Graves1225048%2:53
2Morgan RiellyJake Bean1225052%3:05
Penalty Kill 3 Players
Line #WingPHYDFOFWanted %Time %Time PlayDefenseDefensePHYDFOFWanted %Time %Time Play
1Carter Verhaeghe122500%0:00 Jared SpurgeonMorgan Rielly122500%0:00
2Nick Suzuki122500%0:00 Ryan GravesJake Bean122500%0:00
4 vs 4 Forward
Line #CenterWingPHYDFOFWanted %Time %Time Play
1Dylan StromeNick Suzuki122500%0:00
2William NylanderCarter Verhaeghe122500%0:00
4 vs 4 Defense
Line #DefensePHYDFOFWanted %Time %Time Play
1Jared SpurgeonMorgan Rielly122500%0:00
2Ryan GravesJake Bean122500%0:00
Last Minutes Offensive
Left WingCenterRight WingDefenseDefense
William NylanderCarter VerhaegheNick SuzukiJared SpurgeonMorgan Rielly
Last Minutes Defensive
Left WingCenterRight WingDefenseDefense
William NylanderDylan StromeCalle JarnkrokJared SpurgeonMorgan Rielly
Time
Total ForwardTotal DefenseLast Minutes OffensiveLast Minutes Defensive
60:00 60:00 0:000:00
Extra Forwards
Normal PowerPlayPenalty Kill
Dylan Strome, Ross Colton, Dawson MercerDylan Strome, Ross ColtonDawson Mercer
Extra Defensemen
Normal PowerPlayPenalty Kill
Jordan Oesterle, Andrew Peeke, Ryan GravesJordan Oesterle, Andrew PeekeRyan Graves
Penalty Shots
Danton Heinen, Nick Suzuki, William Nylander, Carter Verhaeghe, Pierre Engvall
Goalie
Marc-Andre Fleury, Calvin Petersen
Custom OT Lines Forwards
Danton Heinen, Nick Suzuki, William Nylander, Carter Verhaeghe, Ryan Carpenter, Dylan Strome, Calle Jarnkrok, Ross Colton, Dawson Mercer, Pierre Engvall
Custom OT Lines Defensemen
Jared Spurgeon, Morgan Rielly, Ryan Graves, Jake Bean, Jordan Oesterle
Scratches
Ben Harpur (Healthy), Nicholas Abruzzese (Healthy)


Play-by-Play

1st period


0:01 of 1st period - Connor McDavid wins face-off versus Nick Suzuki in neutral zone.
0:12 of 1st period - Wrist shot by Nick Suzuki.
0:12 of 1st period - Shot Misses the Net.
0:14 of 1st period - Slapshot by Morgan Rielly.
0:14 of 1st period - Stopped by Semyon Varlamov without a rebound.
0:15 of 1st period - Dylan Strome wins face-off versus Nazem Kadri in Predators zone.
0:40 of 1st period - Duncan Keith is hit by Pierre Engvall and loses puck.
1:09 of 1st period - William Nylander is hit by Jimmy Vesey and loses puck.
1:20 of 1st period - Carter Verhaeghe is hit by Jimmy Vesey and loses puck.
1:35 of 1st period - Slapshot by Jakob Chychrun.
1:35 of 1st period - Stopped by Marc-Andre Fleury without a rebound.
1:36 of 1st period - Ryan Carpenter wins face-off versus Connor McDavid in Maple Leafs zone.
1:53 of 1st period - Slapshot by Phil Kessel.
1:53 of 1st period - Stopped by Marc-Andre Fleury without a rebound.
1:54 of 1st period - Dylan Strome wins face-off versus Nazem Kadri in Maple Leafs zone.
2:19 of 1st period - John Carlson is hit by Pierre Engvall and loses puck.
2:31 of 1st period - Icing by David Savard.
2:32 of 1st period - Nazem Kadri wins face-off versus Nick Suzuki in Predators zone.
2:32 of 1st period - Nazem Kadri is hit by Carter Verhaeghe.
3:02 of 1st period - Wrist shot by Tomas Tatar.
3:02 of 1st period - Stopped by Marc-Andre Fleury with a rebound.
3:04 of 1st period - Minor Penalty to Ryan Graves for Holding Stick.
3:05 of 1st period - Nick Suzuki wins face-off versus Connor McDavid in Maple Leafs zone.
5:04 of 1st period - Penalty to Ryan Graves is over, Ryan Graves is back on ice.
5:37 of 1st period - Slapshot by Jake Bean.
5:37 of 1st period - Stopped by Semyon Varlamov without a rebound.
5:38 of 1st period - Kirby Dach wins face-off versus Dylan Strome in Predators zone.
6:03 of 1st period - Morgan Rielly is hit by Phil Kessel and loses puck.
6:22 of 1st period - Wrist shot by Nazem Kadri.
6:22 of 1st period - Stopped by Marc-Andre Fleury without a rebound.
6:23 of 1st period - Nazem Kadri wins face-off versus Dawson Mercer in Maple Leafs zone.
6:28 of 1st period - Slapshot by Nazem Kadri.
6:28 of 1st period - Stopped by Marc-Andre Fleury with a rebound.
6:39 of 1st period - Dylan Strome is hit by Brendan Gallagher and loses puck.
6:52 of 1st period - Wrist shot by Jakub Vrana.
6:52 of 1st period - Deflect By Brendan Gallagher.
6:52 of 1st period - Stopped by Marc-Andre Fleury with a rebound.
6:54 of 1st period - Snap shot by Nazem Kadri.
6:54 of 1st period - Shot Misses the Net.
6:56 of 1st period - Snap shot by Brendan Gallagher.
6:56 of 1st period - Stopped by Marc-Andre Fleury without a rebound.
6:57 of 1st period - Nick Suzuki wins face-off versus Connor McDavid in Maple Leafs zone.
7:14 of 1st period - Wrist shot by Phil Kessel.
7:14 of 1st period - Deflect By Jordan Eberle.
7:14 of 1st period - Stopped by Marc-Andre Fleury without a rebound.
7:15 of 1st period - Kirby Dach wins face-off versus Ross Colton in Maple Leafs zone.
7:22 of 1st period - John Carlson is hit by Dawson Mercer.
7:46 of 1st period - Jordan Eberle is hit by William Nylander and loses puck.
8:07 of 1st period - Wrist shot by Calle Jarnkrok.
8:07 of 1st period - Stopped by Semyon Varlamov with a rebound.
8:11 of 1st period - Wrist shot by Dylan Strome.
8:11 of 1st period - Stopped by Semyon Varlamov with a rebound.
8:13 of 1st period - Slapshot by Andrew Peeke.
8:13 of 1st period - Deflect By Danton Heinen.
8:13 of 1st period - Stopped by Semyon Varlamov with a rebound.
8:20 of 1st period - Icing by Jakob Chychrun.
8:21 of 1st period - Ryan Carpenter wins face-off versus Nazem Kadri in Predators zone.
9:28 of 1st period - Slapshot by Jared Spurgeon.
9:28 of 1st period - Stopped by Semyon Varlamov without a rebound.
9:29 of 1st period - Connor McDavid wins face-off versus Nick Suzuki in Predators zone.
9:36 of 1st period - Snap shot by Connor McDavid.
9:36 of 1st period - Stopped by Marc-Andre Fleury with a rebound.
10:05 of 1st period - Slapshot by John Carlson.
10:05 of 1st period - Stopped by Marc-Andre Fleury with a rebound.
10:56 of 1st period - Wrist shot by William Nylander.
10:56 of 1st period - Shot Hit the Post.
11:26 of 1st period - Slapshot by Jared Spurgeon.
11:26 of 1st period - Shot Misses the Net.
11:53 of 1st period - Duncan Keith is hit by Ryan Carpenter and loses puck.
12:21 of 1st period - Anton Stralman is hit by Nick Suzuki and loses puck.
12:28 of 1st period - Slapshot by Nick Suzuki.
12:28 of 1st period - Stopped by Semyon Varlamov with a rebound.
12:54 of 1st period - Andrew Peeke is hit by Dante Fabbro and loses puck.
13:03 of 1st period - Jordan Oesterle is hit by Anton Stralman and loses puck.
13:34 of 1st period - Slapshot by Brendan Gallagher.
13:34 of 1st period - Shot Misses the Net.
13:36 of 1st period - Slapshot by Anton Stralman.
13:36 of 1st period - Deflect By Nazem Kadri.
13:36 of 1st period - Stopped by Marc-Andre Fleury with a rebound.
13:38 of 1st period - Snap shot by Brendan Gallagher.
13:38 of 1st period - Stopped by Marc-Andre Fleury without a rebound.
13:39 of 1st period - Connor McDavid wins face-off versus Nick Suzuki in Maple Leafs zone.
13:58 of 1st period - Phil Kessel is hit by Nick Suzuki and loses puck.
14:10 of 1st period - Off-side.
14:11 of 1st period - Ross Colton wins face-off versus Kirby Dach in neutral zone.
14:19 of 1st period - Slapshot by Dante Fabbro.
14:19 of 1st period - Stopped by Marc-Andre Fleury with a rebound.
14:39 of 1st period - Slapshot by Carter Verhaeghe.
14:39 of 1st period - Stopped by Semyon Varlamov with a rebound.
14:41 of 1st period - Slapshot by Jared Spurgeon.
14:41 of 1st period - Shot Hit the Post.
14:43 of 1st period - Slapshot by Nick Suzuki.
14:43 of 1st period - Stopped by Semyon Varlamov without a rebound.
14:44 of 1st period - William Nylander wins face-off versus Connor McDavid in Predators zone.
14:50 of 1st period - Icing by Connor McDavid.
14:51 of 1st period - Connor McDavid wins face-off versus Nick Suzuki in Predators zone.
14:58 of 1st period - Slapshot by John Carlson.
14:58 of 1st period - Stopped by Marc-Andre Fleury without a rebound.
14:59 of 1st period - William Nylander wins face-off versus Phil Kessel in Maple Leafs zone.
15:36 of 1st period - Brandon Tanev is hit by Ross Colton and loses puck.
16:11 of 1st period - Snap shot by Nazem Kadri.
16:11 of 1st period - Shot Misses the Net.
16:21 of 1st period - Snap shot by Nazem Kadri.
16:21 of 1st period - Stopped by Marc-Andre Fleury without a rebound.
16:22 of 1st period - Ross Colton wins face-off versus Connor McDavid in Maple Leafs zone.
16:22 of 1st period - Ross Colton is hit by Phil Kessel.
16:38 of 1st period - Snap shot by Dawson Mercer.
16:38 of 1st period - Stopped by Semyon Varlamov without a rebound.
16:39 of 1st period - Kirby Dach wins face-off versus Nick Suzuki in Predators zone.
16:39 of 1st period - Jakob Chychrun is hit by Nick Suzuki and loses puck.
17:04 of 1st period - Connor McDavid is hit by Danton Heinen and loses puck.
17:09 of 1st period - Snap shot by Dylan Strome.
17:09 of 1st period - Deflect By Calle Jarnkrok.
17:09 of 1st period - Shot Blocked by Duncan Keith.
17:09 of 1st period - Puck is out of play.
17:10 of 1st period - Dylan Strome wins face-off versus Phil Kessel in Predators zone.
17:49 of 1st period - Snap shot by Calle Jarnkrok.
17:49 of 1st period - Shot Misses the Net.
17:55 of 1st period - Dylan Strome is hit by Brett Howden and loses puck.
18:39 of 1st period - Snap shot by Pierre Engvall.
18:39 of 1st period - Stopped by Semyon Varlamov with a rebound.
18:41 of 1st period - Slapshot by Jake Bean.
18:41 of 1st period - Stopped by Semyon Varlamov with a rebound.
18:53 of 1st period - Snap shot by Jordan Eberle.
18:53 of 1st period - Shot Blocked by Matthew Highmore.
18:55 of 1st period - Slapshot by John Carlson.
18:55 of 1st period - Stopped by Marc-Andre Fleury without a rebound.
18:56 of 1st period - Nick Suzuki wins face-off versus Connor McDavid in Maple Leafs zone.
18:56 of 1st period - Nick Suzuki is hit by Phil Kessel.
19:11 of 1st period - Icing by Carter Verhaeghe.
19:12 of 1st period - Nick Suzuki wins face-off versus Kirby Dach in Maple Leafs zone.
19:12 of 1st period - Nick Suzuki is hit by Brandon Tanev.
19:26 of 1st period - Carter Verhaeghe is hit by Brandon Tanev.
19:40 of 1st period - Wrist shot by Nick Suzuki.
19:40 of 1st period - Stopped by Semyon Varlamov with a rebound.
Goals for this period are 0 for Predators vs 0 for Maple Leafs.
Shots for this period are 16 for Predators vs 13 for Maple Leafs.

2nd period


0:01 of 2nd period - Ross Colton wins face-off versus Phil Kessel in neutral zone.
0:06 of 2nd period - Slapshot by Jared Spurgeon.
0:06 of 2nd period - Stopped by Semyon Varlamov without a rebound.
0:07 of 2nd period - Ross Colton wins face-off versus Connor McDavid in Predators zone.
0:17 of 2nd period - Off-side.
0:18 of 2nd period - Ross Colton wins face-off versus Brandon Tanev in neutral zone.
0:24 of 2nd period - Slapshot by Pierre Engvall.
0:24 of 2nd period - Stopped by Semyon Varlamov with a rebound.
0:28 of 2nd period - Slapshot by Pierre Engvall.
0:28 of 2nd period - Shot Misses the Net.
0:54 of 2nd period - Snap shot by Calle Jarnkrok.
0:54 of 2nd period - Shot Misses the Net.
1:12 of 2nd period - Slapshot by Jared Spurgeon.
1:12 of 2nd period - Shot Misses the Net.
1:14 of 2nd period - Slapshot by Morgan Rielly.
1:14 of 2nd period - Stopped by Semyon Varlamov without a rebound.
1:15 of 2nd period - Kirby Dach wins face-off versus Nick Suzuki in Predators zone.
1:17 of 2nd period - Minor Penalty to Kirby Dach for Holding.
1:18 of 2nd period - Nazem Kadri wins face-off versus Nick Suzuki in Predators zone.
1:28 of 2nd period - Snap shot by Morgan Rielly.
1:28 of 2nd period - Stopped by Semyon Varlamov with a rebound.
1:42 of 2nd period - Jared Spurgeon is hit by Nazem Kadri and loses puck.
2:57 of 2nd period - David Savard is hit by Dylan Strome and loses puck.
3:17 of 2nd period - Penalty to Kirby Dach is over, Kirby Dach is back on ice.
3:35 of 2nd period - Andrew Peeke is hit by Brett Howden and loses puck.
3:54 of 2nd period - Brandon Tanev is hit by Pierre Engvall and loses puck.
4:05 of 2nd period - Brett Howden is hit by Jake Bean and loses puck.
5:25 of 2nd period - Ross Colton is hit by Nazem Kadri.
5:35 of 2nd period - Morgan Rielly is hit by Connor McDavid and loses puck.
5:54 of 2nd period - Slapshot by Anton Stralman.
5:54 of 2nd period - Shot Misses the Net.
5:56 of 2nd period - Slapshot by Anton Stralman.
5:56 of 2nd period - Shot Misses the Net.
5:58 of 2nd period - Slapshot by Anton Stralman.
5:58 of 2nd period - Stopped by Marc-Andre Fleury without a rebound.
5:59 of 2nd period - Nick Suzuki wins face-off versus Connor McDavid in Maple Leafs zone.
5:59 of 2nd period - Nick Suzuki is hit by Connor McDavid.
6:15 of 2nd period - Snap shot by Ryan Carpenter.
6:15 of 2nd period - Shot Misses the Net.
7:27 of 2nd period - Snap shot by Jimmy Vesey.
7:27 of 2nd period - Shot Misses the Net.
7:29 of 2nd period - Wrist shot by Brett Howden.
7:29 of 2nd period - Shot Blocked by Jared Spurgeon.
7:31 of 2nd period - Wrist shot by Brett Howden.
7:31 of 2nd period - Shot Blocked by Matthew Highmore.
7:33 of 2nd period - Slapshot by Jakob Chychrun.
7:33 of 2nd period - Stopped by Marc-Andre Fleury with a rebound.
7:35 of 2nd period - Slapshot by Duncan Keith.
7:35 of 2nd period - Shot Blocked by Matthew Highmore.
7:53 of 2nd period - Wrist shot by Jordan Eberle.
7:53 of 2nd period - Stopped by Marc-Andre Fleury with a rebound.
7:55 of 2nd period - Wrist shot by Connor McDavid.
7:55 of 2nd period - Deflect By Dylan Strome.
7:55 of 2nd period - Shot Blocked by Calle Jarnkrok.
7:55 of 2nd period - Puck is out of play.
7:56 of 2nd period - Nazem Kadri wins face-off versus Nick Suzuki in Maple Leafs zone.
8:23 of 2nd period - Jordan Eberle is hit by Calle Jarnkrok and loses puck.
8:50 of 2nd period - Snap shot by Jimmy Vesey.
8:50 of 2nd period - Goal by Jimmy Vesey - Predators : 1 - Maple Leafs : 0.
8:51 of 2nd period - Nick Suzuki wins face-off versus Kirby Dach in neutral zone.
8:54 of 2nd period - Tomas Tatar is hit by William Nylander and loses puck.
9:01 of 2nd period - Morgan Rielly is hit by John Carlson and loses puck.
9:44 of 2nd period - Wrist shot by Pierre Engvall.
9:44 of 2nd period - Stopped by Semyon Varlamov without a rebound.
9:45 of 2nd period - Brett Howden wins face-off versus Nick Suzuki in Predators zone.
10:00 of 2nd period - Wrist shot by Brett Howden.
10:00 of 2nd period - Shot Blocked by Jake Bean.
10:02 of 2nd period - Wrist shot by Jimmy Vesey.
10:02 of 2nd period - Shot Blocked by Jake Bean.
10:08 of 2nd period - Slapshot by Dante Fabbro.
10:08 of 2nd period - Stopped by Marc-Andre Fleury with a rebound.
10:20 of 2nd period - Snap shot by William Nylander.
10:20 of 2nd period - Shot Misses the Net.
10:22 of 2nd period - Snap shot by Carter Verhaeghe.
10:22 of 2nd period - Deflect By William Nylander.
10:22 of 2nd period - Shot Misses the Net.
10:22 of 2nd period - Puck is out of play.
10:23 of 2nd period - Kirby Dach wins face-off versus Dylan Strome in Predators zone.
10:29 of 2nd period - Double Minor Penalty to Dylan Strome for Roughing.
10:30 of 2nd period - Nick Suzuki wins face-off versus Connor McDavid in Maple Leafs zone.
10:35 of 2nd period - Jordan Eberle is hit by Jake Bean and loses puck.
10:42 of 2nd period - Slapshot by Jakob Chychrun.
10:42 of 2nd period - Shot Blocked by Morgan Rielly.
11:02 of 2nd period - Slapshot by Brendan Gallagher.
11:02 of 2nd period - Shot Misses the Net.
11:04 of 2nd period - Slapshot by John Carlson.
11:04 of 2nd period - Stopped by Marc-Andre Fleury with a rebound.
11:06 of 2nd period - Slapshot by Tomas Tatar.
11:06 of 2nd period - Shot Blocked by Jake Bean.
12:42 of 2nd period - Slapshot by Anton Stralman.
12:42 of 2nd period - Shot Blocked by Antoine Roussel.
14:29 of 2nd period - Penalty to Dylan Strome is over, Dylan Strome is back on ice.
14:35 of 2nd period - Slapshot by Calle Jarnkrok.
14:35 of 2nd period - Stopped by Semyon Varlamov with a rebound.
14:37 of 2nd period - Wrist shot by Danton Heinen.
14:37 of 2nd period - Stopped by Semyon Varlamov with a rebound.
14:59 of 2nd period - Kirby Dach is hit by Morgan Rielly and loses puck.
15:10 of 2nd period - Jakob Chychrun is hit by Dawson Mercer.
15:23 of 2nd period - Icing by Calle Jarnkrok.
15:24 of 2nd period - Connor McDavid wins face-off versus William Nylander in Maple Leafs zone.
15:43 of 2nd period - Jordan Oesterle is hit by John Carlson and loses puck.
15:54 of 2nd period - Snap shot by Dylan Strome.
15:54 of 2nd period - Stopped by Semyon Varlamov with a rebound.
15:56 of 2nd period - Slapshot by Jordan Oesterle.
15:56 of 2nd period - Shot Misses the Net.
15:58 of 2nd period - Wrist shot by Danton Heinen.
15:58 of 2nd period - Shot Misses the Net.
16:44 of 2nd period - Wrist shot by William Nylander.
16:44 of 2nd period - Shot Misses the Net.
16:46 of 2nd period - Snap shot by William Nylander.
16:46 of 2nd period - Deflect By Nick Suzuki.
16:46 of 2nd period - Stopped by Semyon Varlamov without a rebound.
16:47 of 2nd period - Dylan Strome wins face-off versus Kirby Dach in Predators zone.
16:48 of 2nd period - Wrist shot by Calle Jarnkrok.
16:48 of 2nd period - Shot Misses the Net.
16:54 of 2nd period - Snap shot by John Carlson.
16:54 of 2nd period - Deflect By Jared Spurgeon.
16:54 of 2nd period - Stopped by Marc-Andre Fleury with a rebound.
16:56 of 2nd period - Wrist shot by Tomas Tatar.
16:56 of 2nd period - Deflect By Brandon Tanev.
16:56 of 2nd period - Shot Blocked by Morgan Rielly.
16:56 of 2nd period - Puck is out of play.
16:57 of 2nd period - Dylan Strome wins face-off versus Kirby Dach in Maple Leafs zone.
17:02 of 2nd period - Slapshot by Morgan Rielly.
17:02 of 2nd period - Stopped by Semyon Varlamov with a rebound.
17:08 of 2nd period - Slapshot by John Carlson.
17:08 of 2nd period - Shot Blocked by Jared Spurgeon.
17:10 of 2nd period - Wrist shot by Tomas Tatar.
17:10 of 2nd period - Shot Blocked by Dylan Strome.
17:12 of 2nd period - Snap shot by Kirby Dach.
17:12 of 2nd period - Shot Misses the Net.
17:14 of 2nd period - Slapshot by John Carlson.
17:14 of 2nd period - Shot Misses the Net.
17:16 of 2nd period - Wrist shot by Tomas Tatar.
17:16 of 2nd period - Shot Blocked by Morgan Rielly.
17:18 of 2nd period - Slapshot by John Carlson.
17:18 of 2nd period - Stopped by Marc-Andre Fleury without a rebound.
17:19 of 2nd period - Nick Suzuki wins face-off versus Jordan Eberle in Maple Leafs zone.
17:19 of 2nd period - Nick Suzuki is hit by Phil Kessel.
17:24 of 2nd period - Off-side.
17:25 of 2nd period - Nick Suzuki wins face-off versus Phil Kessel in neutral zone.
17:25 of 2nd period - Nick Suzuki is hit by Connor McDavid.
17:29 of 2nd period - Connor McDavid is hit by Ryan Graves and loses puck.
17:40 of 2nd period - Snap shot by Jordan Eberle.
17:40 of 2nd period - Shot Blocked by Nick Suzuki.
17:58 of 2nd period - Snap shot by Jakob Chychrun.
17:58 of 2nd period - Deflect By Tomas Tatar.
17:58 of 2nd period - Shot Misses the Net.
17:58 of 2nd period - Puck is out of play.
17:59 of 2nd period - Ross Colton wins face-off versus Kirby Dach in Maple Leafs zone.
19:33 of 2nd period - Snap shot by Anton Stralman.
19:33 of 2nd period - Stopped by Marc-Andre Fleury without a rebound.
19:34 of 2nd period - Connor McDavid wins face-off versus Carter Verhaeghe in Maple Leafs zone.
19:47 of 2nd period - Snap shot by William Nylander.
19:47 of 2nd period - Stopped by Semyon Varlamov without a rebound.
19:48 of 2nd period - Dylan Strome wins face-off versus Kirby Dach in Predators zone.
Goals for this period are 1 for Predators vs 0 for Maple Leafs.
Shots for this period are 9 for Predators vs 11 for Maple Leafs.

3rd period


0:01 of 3rd period - Nick Suzuki wins face-off versus Connor McDavid in neutral zone.
1:26 of 3rd period - David Savard is hit by Nick Suzuki and loses puck.
1:43 of 3rd period - Snap shot by Antoine Roussel.
1:43 of 3rd period - Deflect By Phil Kessel.
1:43 of 3rd period - Shot Misses the Net.
1:43 of 3rd period - Puck is out of play.
1:44 of 3rd period - Connor McDavid wins face-off versus Dylan Strome in Predators zone.
1:49 of 3rd period - Dylan Strome is hit by Connor McDavid and loses puck.
2:35 of 3rd period - Snap shot by Dylan Strome.
2:35 of 3rd period - Shot Misses the Net.
2:37 of 3rd period - Wrist shot by Danton Heinen.
2:37 of 3rd period - Shot Blocked by Kirby Dach.
2:39 of 3rd period - Snap shot by Dylan Strome.
2:39 of 3rd period - Goal by Dylan Strome - Predators : 1 - Maple Leafs : 1.
2:40 of 3rd period - Connor McDavid wins face-off versus Nick Suzuki in neutral zone.
3:27 of 3rd period - Off-side.
3:28 of 3rd period - Ryan Carpenter wins face-off versus Nazem Kadri in neutral zone.
3:53 of 3rd period - Connor McDavid is hit by William Nylander and loses puck.
4:00 of 3rd period - Slapshot by William Nylander.
4:00 of 3rd period - Shot Misses the Net.
4:02 of 3rd period - Snap shot by Carter Verhaeghe.
4:02 of 3rd period - Stopped by Semyon Varlamov with a rebound.
4:04 of 3rd period - Snap shot by Nick Suzuki.
4:04 of 3rd period - Stopped by Semyon Varlamov without a rebound.
4:05 of 3rd period - Ross Colton wins face-off versus Kirby Dach in Predators zone.
4:06 of 3rd period - Snap shot by Dawson Mercer.
4:06 of 3rd period - Stopped by Semyon Varlamov without a rebound.
4:07 of 3rd period - Ross Colton wins face-off versus Kirby Dach in Predators zone.
4:38 of 3rd period - Wrist shot by Pierre Engvall.
4:38 of 3rd period - Shot Misses the Net.
5:22 of 3rd period - Tomas Tatar is hit by Danton Heinen and loses puck.
6:03 of 3rd period - Jimmy Vesey is hit by Antoine Roussel and loses puck.
6:26 of 3rd period - Snap shot by Nick Suzuki.
6:26 of 3rd period - Shot Hit the Post.
6:28 of 3rd period - Slapshot by Jake Bean.
6:28 of 3rd period - Shot Blocked by Brandon Tanev.
6:30 of 3rd period - Wrist shot by Carter Verhaeghe.
6:30 of 3rd period - Stopped by Semyon Varlamov without a rebound.
6:31 of 3rd period - Connor McDavid wins face-off versus Nick Suzuki in Predators zone.
6:56 of 3rd period - Anton Stralman is hit by Pierre Engvall and loses puck.
7:26 of 3rd period - Snap shot by Dylan Strome.
7:26 of 3rd period - Deflect By Danton Heinen.
7:26 of 3rd period - Stopped by Semyon Varlamov with a rebound.
7:35 of 3rd period - Off-side.
7:36 of 3rd period - Brett Howden wins face-off versus Ryan Carpenter in neutral zone.
7:43 of 3rd period - Snap shot by John Carlson.
7:43 of 3rd period - Deflect By Riley Sheahan.
7:43 of 3rd period - Shot Hit the Post.
7:43 of 3rd period - Puck is out of play.
7:44 of 3rd period - Nick Suzuki wins face-off versus Phil Kessel in Maple Leafs zone.
8:31 of 3rd period - Wrist shot by Nazem Kadri.
8:31 of 3rd period - Shot Misses the Net.
8:33 of 3rd period - Snap shot by John Carlson.
8:33 of 3rd period - Shot Blocked by Ross Colton.
8:35 of 3rd period - Backhand shot by Anton Stralman.
8:35 of 3rd period - Deflect By Dawson Mercer.
8:35 of 3rd period - Stopped by Marc-Andre Fleury with a rebound.
8:39 of 3rd period - Snap shot by Kirby Dach.
8:39 of 3rd period - Deflect By Tomas Tatar.
8:39 of 3rd period - Stopped by Marc-Andre Fleury without a rebound.
8:40 of 3rd period - Nick Suzuki wins face-off versus Jordan Eberle in Maple Leafs zone.
9:13 of 3rd period - Slapshot by Andrew Peeke.
9:13 of 3rd period - Stopped by Semyon Varlamov without a rebound.
9:14 of 3rd period - Nazem Kadri wins face-off versus Ross Colton in Predators zone.
9:14 of 3rd period - Nazem Kadri is hit by Pierre Engvall.
10:08 of 3rd period - Wrist shot by Tomas Tatar.
10:08 of 3rd period - Shot Misses the Net.
10:10 of 3rd period - Snap shot by Tomas Tatar.
10:10 of 3rd period - Stopped by Marc-Andre Fleury with a rebound.
10:49 of 3rd period - Snap shot by Ross Colton.
10:49 of 3rd period - Stopped by Semyon Varlamov with a rebound.
11:03 of 3rd period - Jordan Oesterle is hit by Anton Stralman and loses puck.
11:28 of 3rd period - Dante Fabbro is hit by Dylan Strome and loses puck.
11:49 of 3rd period - Matthew Highmore is hit by Brett Howden and loses puck.
12:26 of 3rd period - Kirby Dach is hit by Morgan Rielly and loses puck.
13:03 of 3rd period - Jimmy Vesey is hit by Danton Heinen and loses puck.
13:51 of 3rd period - Ross Colton is hit by John Carlson and loses puck.
14:04 of 3rd period - Wrist shot by Pierre Engvall.
14:04 of 3rd period - Shot Misses the Net.
14:06 of 3rd period - Slapshot by Andrew Peeke.
14:06 of 3rd period - Stopped by Semyon Varlamov without a rebound.
14:07 of 3rd period - Nazem Kadri wins face-off versus Nick Suzuki in Predators zone.
14:07 of 3rd period - Nazem Kadri is hit by Morgan Rielly.
14:13 of 3rd period - Snap shot by Jakub Vrana.
14:13 of 3rd period - Shot Misses the Net.
14:15 of 3rd period - Snap shot by Dante Fabbro.
14:15 of 3rd period - Shot Misses the Net.
14:21 of 3rd period - Snap shot by Jakub Vrana.
14:21 of 3rd period - Stopped by Marc-Andre Fleury without a rebound.
14:22 of 3rd period - Calle Jarnkrok wins face-off versus Kirby Dach in Maple Leafs zone.
14:22 of 3rd period - Calle Jarnkrok is hit by Kirby Dach.
14:30 of 3rd period - Snap shot by Calle Jarnkrok.
14:30 of 3rd period - Deflect By Danton Heinen.
14:30 of 3rd period - Stopped by Semyon Varlamov without a rebound.
14:31 of 3rd period - Kirby Dach wins face-off versus Dylan Strome in Predators zone.
15:20 of 3rd period - Wrist shot by John Carlson.
15:20 of 3rd period - Deflect By Tomas Tatar.
15:20 of 3rd period - Shot Misses the Net.
15:20 of 3rd period - Puck is out of play.
15:21 of 3rd period - Connor McDavid wins face-off versus Ross Colton in Maple Leafs zone.
15:22 of 3rd period - Wrist shot by Jordan Eberle.
15:22 of 3rd period - Shot Misses the Net.
15:24 of 3rd period - Wrist shot by Connor McDavid.
15:24 of 3rd period - Shot Blocked by Andrew Peeke.
15:26 of 3rd period - Slapshot by David Savard.
15:26 of 3rd period - Stopped by Marc-Andre Fleury without a rebound.
15:27 of 3rd period - Connor McDavid wins face-off versus Ross Colton in Maple Leafs zone.
15:30 of 3rd period - Wrist shot by Phil Kessel.
15:30 of 3rd period - Shot Misses the Net.
15:32 of 3rd period - Wrist shot by Phil Kessel.
15:32 of 3rd period - Stopped by Marc-Andre Fleury without a rebound.
15:33 of 3rd period - Ross Colton wins face-off versus Connor McDavid in Maple Leafs zone.
15:47 of 3rd period - Off-side.
15:48 of 3rd period - Kirby Dach wins face-off versus Nick Suzuki in neutral zone.
15:51 of 3rd period - Snap shot by Tomas Tatar.
15:51 of 3rd period - Stopped by Marc-Andre Fleury without a rebound.
15:52 of 3rd period - Kirby Dach wins face-off versus Nick Suzuki in Maple Leafs zone.
16:19 of 3rd period - Snap shot by Ross Colton.
16:19 of 3rd period - Stopped by Semyon Varlamov with a rebound.
18:08 of 3rd period - Icing by Jake Bean.
18:09 of 3rd period - Ross Colton wins face-off versus Nazem Kadri in Maple Leafs zone.
18:09 of 3rd period - Ross Colton is hit by Nazem Kadri.
18:18 of 3rd period - Jakub Vrana beats up Pierre Engvall.
18:18 of 3rd period - Penalty to Pierre Engvall for Fighting.
18:18 of 3rd period - Penalty to Jakub Vrana for Fighting.
18:19 of 3rd period - Ross Colton wins face-off versus Kirby Dach in Maple Leafs zone.
18:28 of 3rd period - Slapshot by David Savard.
18:28 of 3rd period - Deflect By Tomas Tatar.
18:28 of 3rd period - Stopped by Marc-Andre Fleury without a rebound.
18:29 of 3rd period - Ross Colton wins face-off versus Kirby Dach in Maple Leafs zone.
18:36 of 3rd period - Snap shot by Dawson Mercer.
18:36 of 3rd period - Shot Misses the Net.
18:56 of 3rd period - Snap shot by Kirby Dach.
18:56 of 3rd period - Stopped by Marc-Andre Fleury with a rebound.
18:58 of 3rd period - Backhand shot by Dante Fabbro.
18:58 of 3rd period - Stopped by Marc-Andre Fleury without a rebound.
18:59 of 3rd period - Brett Howden wins face-off versus Nick Suzuki in Maple Leafs zone.
19:04 of 3rd period - Snap shot by Riley Sheahan.
19:04 of 3rd period - Shot Misses the Net.
19:34 of 3rd period - Snap shot by Phil Kessel.
19:34 of 3rd period - Stopped by Marc-Andre Fleury with a rebound.
Goals for this period are 0 for Predators vs 1 for Maple Leafs.
Shots for this period are 11 for Predators vs 11 for Maple Leafs.

Overtime #1


0:01 of 1st overtime period - Nick Suzuki wins face-off versus Nazem Kadri in neutral zone.
0:35 of 1st overtime period - Wrist shot by William Nylander.
0:35 of 1st overtime period - Shot Blocked by John Carlson.
1:09 of 1st overtime period - Slapshot by John Carlson.
1:09 of 1st overtime period - Shot Blocked by Morgan Rielly.
2:01 of 1st overtime period - Backhand shot by Kirby Dach.
2:01 of 1st overtime period - Shot Misses the Net.
2:03 of 1st overtime period - Slapshot by Jakob Chychrun.
2:03 of 1st overtime period - Shot Misses the Net.
2:05 of 1st overtime period - Snap shot by Kirby Dach.
2:05 of 1st overtime period - Goal by Kirby Dach - Predators : 2 - Maple Leafs : 1.
Goals for this period are 1 for Predators vs 0 for Maple Leafs.
Shots for this period are 1 for Predators vs 0 for Maple Leafs.